 Dungeon Crawl Stone Soup version 0.21-a0-504-g2eda330 (webtiles) character file.

373 sagitran the Covert (level 6, -2/41 HPs)
             Began as an Octopode Assassin on Nov 25, 2017.
             Was an Initiate of Wu Jian.
             Slain by a phantom (8 damage)
             ... on level 4 of the Dungeon.
             The game lasted 00:24:03 (4266 turns).

sagitran the Covert (Octopode Assassin)             Turns: 4266, Time: 00:24:04

Health: -2/41      AC:  3    Str: 11    XL:     6   Next: 72%
Magic:  6/6        EV:  8    Int: 19    God:    Wu Jian [......]
Gold:   106        SH: 10    Dex: 14    Spells: 5/5 levels left

rFire    . . .     SeeInvis .   p - +1 mace (drain)
rCold    . . .     Gourm    .   u - +0 large shield
rNeg     . . .     Faith    .   D - +2 hat
rPois    .         Spirit   .   (no amulet)
rElec    .         Reflect  .   m - ring of protection from magic (curse)
rCorr    .         Harm     .   v - ring of flight
MR       +....                  (no ring)
Stlth    +++++.....             (no ring)
HPRegen  0.13/turn              (no ring)
MPRegen  0.10/turn              (no ring)
                                (no ring)
                                (no ring)

@: brilliant, flying
A: almost no armour, stealthy swim, amphibious, 8 rings, constrict 8, camouflage
1, gelatinous body 1
a: Renounce Religion


You were on level 4 of the Dungeon.
You worshipped Wu Jian.
Wu Jian was noncommittal.
You were not hungry.

You visited 1 branch of the dungeon, and saw 4 of its levels.

You collected 106 gold pieces.

Inventory:

Hand Weapons
 a - a +2 dagger
 b - a +0 blowgun
 k - a +1 vampiric whip
 l - a +0 spear
 n - a +0 short sword of electrocution
 o - a +2 quarterstaff of chaos
 p - a +1 mace of draining (weapon)
Missiles
 c - 8 poisoned needles
 d - 2 curare-tipped needles
Armour
 u - a +0 large shield (worn)
 D - a +2 hat (worn)
Jewellery
 m - a cursed ring of protection from magic (left tentacle)
 v - a ring of flight (right tentacle)
Wands
 i - a wand of random effects (37)
Scrolls
 r - a scroll of enchant armour
 s - a scroll of enchant weapon
 t - 2 scrolls of remove curse {unknown}
 w - a scroll of identify
 A - a scroll of magic mapping {unknown}
 C - a scroll of teleportation
Potions
 e - 2 potions of berserk rage
Comestibles
 f - 2 bread rations
 h - 2 meat rations


   Skills:
 + Level 2.8 Fighting
 + Level 3.0 Short Blades
 + Level 2.5 Maces & Flails
 + Level 2.5 Throwing
 + Level 1.9 Dodging
 + Level 8.3 Stealth


You had 5 spell levels left.
You didn't know any spells.

Dungeon Overview and Level Annotations

Branches:
Dungeon (4/15)
 Temple: D:4-7

Altars:
Wu Jian

Annotations:
D:4 Blork the orc, Edmund


Innate Abilities, Weirdness & Mutations

You cannot wear most types of armour.
You are very stealthy in the water. (Stealth+)
You are amphibious.
You can wear up to eight rings at the same time.
You can use your tentacles to constrict eight enemies at once.
Your skin changes colour to match your surroundings (Stealth+).
Your rubbery body absorbs attacks. (AC +1, EV +1)


Message History

* * * LOW HITPOINT WARNING * * *
The phantom blinks!
The phantom blinks!
x - a tomahawk
There are no items here.
Throwing (i - inventory):
x - a tomahawk (quivered)
Press: ? - help, Shift-Dir - straight line, f/p - phantom
Aim: a phantom (severely damaged)
You throw a tomahawk.
The tomahawk hits the phantom but does no damage.
The phantom is severely damaged.
The phantom blinks!
You closely miss the phantom.
The phantom is severely damaged.
The phantom hits you.
* * * LOW HITPOINT WARNING * * *
You hit the phantom.
The phantom is severely damaged.
The phantom hits you!
You die...

###+##..#.....#
....#.....#
.?...#.....#
......#.....# ....
#.....#
#.....######
#..........#
######.....#
#..@..# #..W..#
#<.$>.#
###########.....#
..........ยง....((#
............######
............#
............#
........<...#


You could see a phantom.

Vanquished Creatures
  A phantom (D:4)
  Crazy Yiuf (D:2)
  An orc priest (D:3)
  A hound (D:4)
  An orc wizard (D:3)
  Robin (D:2)
  8 adders
  An ooze (D:4)
  A worm (D:2)
  3 dart slugs
  4 orcs
  2 giant cockroaches
  14 goblins
  14 hobgoblins
  5 kobolds
  2 quokkas
  2 ball pythons (D:1)
  10 bats
  2 frilled lizards
  11 rats
  A fungus (D:1)
86 creatures vanquished.

Notes
Turn   | Place    | Note
-------+----------+-------------------------------------------
     0 | D:1      | sagitran the Octopode Assassin began the quest for the Orb.
     0 | D:1      | Reached XP level 1. HP: 14/14 MP: 1/1
   299 | D:1      | Reached XP level 2. HP: 19/19 MP: 2/2
   301 | D:1      | Reached skill level 6 in Stealth
   729 | D:1      | Reached XP level 3. HP: 20/24 MP: 3/3
  1126 | D:2      | Found a runed door.
  1132 | D:2      | Noticed Crazy Yiuf
  1139 | D:2      | Killed Crazy Yiuf
  1139 | D:2      | Reached skill level 7 in Stealth
  1139 | D:2      | Reached XP level 4. HP: 11/29 MP: 4/4
  1769 | D:2      | Noticed Robin
  1980 | D:2      | Reached skill level 1 in Maces & Flails
  1986 | D:2      | Reached XP level 5. HP: 22/35 MP: 5/5
  2285 | D:2      | Killed Robin
  2560 | D:3      | Found an ornate altar of the Wu Jian Council.
  3290 | D:3      | Reached XP level 6. HP: 28/41 MP: 6/6
  3292 | D:3      | Reached skill level 8 in Stealth
  3470 | D:4      | Noticed a phantom
  3778 | D:4      | Killed a phantom
  4094 | D:4      | Noticed Blork the orc
  4096 | D:4      | Noticed Edmund
  4190 | D:3      | Became a worshipper of the Wu Jian Council
  4220 | D:4      | Noticed a phantom
  4266 | D:4      | Slain by a phantom

Vault maps used:
D:1:      dpeg_cavernosity, kennysheep_nondescript
D:2:      st_stairs_6, uniq_robin, uniq_crazy_yiuf_cottage
D:3:      overflow_temple_1_default, first_bread, hangedman_feature_mirror
D:4:      minmay_temple_entry_from_below_a, uniq_blork_the_orc, uniq_edmund

Skill      XL: |  1  2  3  4  5  6 |
---------------+-------------------+-----
Stealth        | 6 7 8 |  8.3
Maces & Flails | 1 2 |  2.5
Short Blades   | 3 |  3.0
Fighting       | |  2.8
Throwing       | |  2.5
Dodging        | |  1.9

Action                   |  1- 3 |  4- 6 || total
-------------------------+-------+-------++-------
Melee: Dagger            |    35 |    44 ||    79
       Tentacles         |     8 |    22 ||    30
       Constrict         |    14 |    29 ||    43
       Mace              |    21 |   104 ||   125
       Short sword       |       |     1 ||     1
 Fire: Blowgun           |       |    14 ||    14
Throw: Tomahawk          |       |    10 ||    10
  Use: Scroll            |     2 |     3 ||     5
       Potion            |       |     2 ||     2
 Stab: Sleeping          |    10 |    12 ||    22
       Distracted        |       |     1 ||     1
  Eat: Chunk             |     1 |     3 ||     4
       Bread ration      |       |     1 ||     1
       Royal jelly       |       |     1 ||     1
Armor: Skin              |     6 |    19 ||    25
Dodge: Dodged            |    30 |    59 ||    89
Block: Large shield      |       |    10 ||    10

Table legend:
 A = Spawn XP
 B = Non-spawn XP
 C = Spawn XP percentage of total XP
 D = Spawn monster count
 E = Non-spawn monster count
 F = Spawn count percentage of total count
 G = Total turns spent on level
                    A         B        C        D         E        F      G
               +---------+---------+-------+---------+---------+-------+---------
         Total |       0 |     534 |   0.0 |       0 |      85 |   0.0 |  4266
               +---------+---------+-------+---------+---------+-------+---------
           D:1 |       0 |      41 |   0.0 |       0 |      27 |   0.0 |  1089
           D:2 |       0 |     170 |   0.0 |       0 |      34 |   0.0 |  1443
           D:3 |       0 |     153 |   0.0 |       0 |      19 |   0.0 |  1113
           D:4 |       0 |     170 |   0.0 |       0 |       5 |   0.0 |   621
               +---------+---------+-------+---------+---------+-------+---------
